 Dungeon Crawl Stone Soup version 0.31-a0-486-g8d68a81214 (webtiles) character file.

Game seed: 14122622296678179739

163 bmack86 the Chopper (level 5, 0/45 HPs)
             Began as a Minotaur Fighter on Aug 8, 2023.
             Slain by Crazy Yiuf
             ... wielding a +4 quarterstaff of chaos
              (3 damage)
             ... on level 3 of the Dungeon.
             The game lasted 00:07:24 (2159 turns).

bmack86 the Chopper (Minotaur Fighter)              Turns: 2159, Time: 00:07:26

Health: 0/45       AC: 12    Str: 22    XL:     5   Next: 20%
Magic:  4/4        EV:  6    Int:  5    God:
Gold:   63         SH:  4    Dex: 10    Spells: 4/4 levels left

rFire   . . .        a - +0 war axe
rCold   . . .        c - +0 buckler
rNeg    . . .        s - +0 plate armour
rPois   .            (helmet restricted)
rElec   .            k - +0 cloak
rCorr   .            (no gloves)
SInv    .            (no boots)
Will    .....        (no amulet) Stlth
                     (no ring)
HPRegen 0.27/turn    (no ring)
MPRegen 0.09/turn

%: no passive effects
@: no status effects
A: horns 2, retaliatory headbutt
a: no special abilities


You were on level 3 of the Dungeon.
You visited 1 branch of the dungeon, and saw 3 of its levels.

You collected 113 gold pieces.
You spent 50 gold pieces at shops.

Inventory:

Hand Weapons
 a - a +0 war axe (weapon)
Missiles
 j - 6 boomerangs
Armour
 b - a +0 scale mail
 c - a +0 buckler (worn)
 i - a +0 chain mail
 k - a +0 cloak (worn)
 s - a +0 plate armour (worn)
Jewellery
 n - a ring of protection from fire
 r - a ring of wizardry
Wands
 o - a wand of flame (21) (quivered)
Scrolls
 f - 2 scrolls of teleportation {unknown}
 g - 3 scrolls of identify {unknown}
 l - a scroll of poison {unknown}
 m - a scroll of revelation {unknown}
 p - a scroll of torment {unknown}
 q - a scroll of noise {unknown}
Potions
 d - a potion of heal wounds {unknown}
 e - a potion of lignification {unknown}
 h - 2 potions of curing {unknown}


   Skills:
 - Level 3.6 Fighting
 + Level 6.6 Axes
 - Level 3.6 Armour
 - Level 3.6 Shields


You had 4 spell levels left.
You didn't know any spells.
Your spell library was empty.

Dungeon Overview and Level Annotations

Branches:
Dungeon (3/15)

Altars:
Elyvilon
Nemelex Xobeh

Shops:
D:2 *

Annotations:
D:3 Crazy Yiuf


Innate Abilities, Weirdness & Mutations

You have a pair of horns on your head.
You reflexively headbutt those who attack you in melee.


Message History

Things that are here:
a +0 club; an orc corpse You see here a +0 robe.
Things that are here:
a +0 mace; a +0 chain mail
There is a stone staircase leading down here.
Items here: )))))) [[[[.
There is an open door, spattered with blood here.
Things that are here:
a +0 short sword; a +0 leather armour Partly explored, can't reach some places.
You slice the fungus!!
The fungus begins to die.
The fungus is lightly damaged.
You slash the fungus!
The fungus begins to die.
You slash the fungus!
The fungus is lightly damaged.
You slash the fungus! You hit the fungus. You headbutt the fungus!
The fungus is moderately damaged.
You slash the fungus!
A nearby fungus withers and dies.
A nearby fungus withers and dies.
Found a glowing hammer.
Found a runed translucent door.
Crazy Yiuf laughs, "Millenium seventy leg!"
You open the door.
Crazy Yiuf cries, "Leather!"
You closely miss Crazy Yiuf. Your headbutt misses Crazy Yiuf.
Crazy Yiuf hits you with a +4 quarterstaff of chaos!
Crazy Yiuf freezes you.
You hit Crazy Yiuf.
Crazy Yiuf is lightly wounded.
Crazy Yiuf hits you with a +4 quarterstaff of chaos!
Crazy Yiuf freezes you.
You slash Crazy Yiuf!
Crazy Yiuf is severely wounded.
Crazy Yiuf hits you with a +4 quarterstaff of chaos!
* * * LOW HITPOINT WARNING * * *
Crazy Yiuf hits you with a +4 quarterstaff of chaos!
* * * LOW HITPOINT WARNING * * *
Crazy Yiuf burns you.
You die...

##########.# #..........#
#.########.# ####.....#.#
####### #####.#.#
#.....####### #.#.#
#.........#.### ### #.#.#
#........#.#..##...#
#.#.#
#.......PP####@g...#
#.#.# #.......P## ###..)#
#.#.# #.....#### ###
#.#)# ###.....# #.#)#
.##(....# #.#)##
.##.....#################
#.#...
<######.##..............#
#.####
..............>.........#
#.# #
........#...............#
#.# #


You could see Crazy Yiuf.

Vanquished Creatures
  Terence (D:3)
  5 adders
  2 dart slugs
  12 orcs (D:3)
  6 bats
  9 endoplasms
  6 giant cockroaches
  A goblin (D:1)
  3 hobgoblins
  2 quokkas
  8 ball pythons
  11 frilled lizards
  7 kobolds
  4 rats
77 creatures vanquished.

Notes
Turn   | Place    | Note
-------+----------+-------------------------------------------
     0 | D:1      | bmack86 the Minotaur Fighter began the quest for the Orb.
     0 | D:1      | Reached XP level 1. HP: 19/19 MP: 0/0
   132 | D:1      | Reached skill level 3 in Axes
   222 | D:1      | Reached XP level 2. HP: 26/26 MP: 1/1
   355 | D:1      | Reached skill level 4 in Axes
   669 | D:2      | Found Gubohoro's Assorted Antiques.
   676 | D:2      | Reached XP level 3. HP: 31/31 MP: 2/2
   708 | D:2      | Bought a scroll labelled KYPIQUXIYT for 25 gold pieces
   708 | D:2      | Bought a scroll labelled COVIF DINEUCLA for 25 gold pieces
   880 | D:2      | Reached skill level 5 in Axes
  1182 | D:3      | Noticed Terence
  1189 | D:3      | Killed Terence
  1190 | D:3      | Reached XP level 4. HP: 30/39 MP: 3/3
  1256 | D:3      | Reached skill level 6 in Axes
  1464 | D:3      | Found a white marble altar of Elyvilon.
  1576 | D:3      | Reached XP level 5. HP: 42/45 MP: 4/4
  1695 | D:3      | Found a sparkling altar of Nemelex Xobeh.
  2152 | D:3      | Found a runed translucent door.
  2153 | D:3      | Noticed Crazy Yiuf
  2159 | D:3      | Slain by Crazy Yiuf

Illustrated notes

Levels and vault maps discovered:
D:1:      spicycebolla_arrival_ecumenical, layout_rooms, minmay_hedge_maze
D:2:      layout_basic, serial_shops, nicolae_shop_statue_plus, fountainhead,
          minmay_lizard_pond
D:3:      layout_basic, nemelex_altar_shiori, mainiacjoe_overflow_chevrons,
          uniq_crazy_yiuf_cottage, uniq_terence

Skill      XL: |  1  2  3  4 |
---------------+-------------+-----
Axes           | 3 4 5 6 |  6.6
Fighting       | |  3.6
Armour         | |  3.6
Shields        | |  3.6

Action                     |  1- 3 |  4- 6 || total
---------------------------+-------+-------++-------
  Melee: War axe           |    83 |    75 ||   158
         Headbutt          |     6 |    11 ||    17
    Use: Potion            |       |     1 ||     1
 Armour: Chain mail        |    69 |    39 ||   108
  Dodge: Dodged            |    41 |    22 ||    63
  Block: Buckler           |    25 |    10 ||    35

Table legend: (Time is in decaauts)
 A = Elapsed time spent in this place.
 B = Non-inter-level travel time spent in this place.
 C = Inter-level travel time spent in this place.
 D = Time resting spent in this place.
 E = Time spent auto-exploring this place.
 F = Levels seen in this place.
 G = Mean time per level.
                   A        B        C        D        E       F      G
               +--------+--------+--------+--------+--------+-----+--------+
         Total |   2200 |   2164 |     36 |      0 |   1432 |   3 |  733.3 |
       Dungeon |   2200 |   2164 |     36 |      0 |   1432 |   3 |  733.3 |
               +--------+--------+--------+--------+--------+-----+--------+

Top non-repeatable levels by time:
     D:3: 1030 daAuts
     D:1: 668 daAuts
     D:2: 501 daAuts
